 Dungeon Crawl Stone Soup version 0.19.1-1-g22dce08 (webtiles) character file.

289 theAP the Ruffian (level 6, -2/61 HPs)
             Began as a Troll Fighter on Jan 15, 2017.
             Slain by a worm (9 damage)
             ... on level 4 of the Dungeon.
             The game lasted 00:04:44 (2231 turns).

theAP the Ruffian (Troll Fighter)                   Turns: 2231, Time: 00:04:44

Health: -2/61      AC:  6    Str: 27    XL:     6   Next: 9%
Magic:  5/5        EV:  8    Int:  4    God:
Gold:   183        SH:  0    Dex:  9    Spells: 0 memorised, 5 levels left

rFire  x . .     SeeInvis .       - Unarmed
rCold  + . .     Gourm    +     a - +0 robe
rNeg   . . .     Faith    .     b - +0 shield
rPois  .         Spirit   .     (helmet restricted)
rElec  .         Reflect  .     h - +0 cloak
rCorr  .         Harm     .     (gloves unavailable)
MR     .....                    (boots unavailable)
Stlth  +.........               g - amulet of rage
                                (no ring)
                                q - ring of ice

@: confused, lethally poisoned (-2 -> -2)
A: unfitting armour, claws 3, fast metabolism 3, gourmand, regeneration 1,
shaggy fur 1, tough skin 2
a: Evoke Berserk Rage


You were on level 4 of the Dungeon.
You were completely stuffed.

You visited 1 branch of the dungeon, and saw 4 of its levels.

You collected 183 gold pieces.

Inventory:

Armour
 a - a +0 robe (worn)
 b - a +0 shield (worn)
 h - a +0 cloak (worn)
Jewellery
 g - an amulet of rage (around neck)
 l - an uncursed amulet of faith
 q - a ring of ice (left claw)
Scrolls
 e - 3 scrolls of teleportation
 j - 4 scrolls of recharging
Potions
 c - a potion of might
 k - a potion of lignification
 m - 2 potions of ambrosia
 n - 2 potions of resistance
 o - a potion of degeneration {unknown}
 r - 2 potions of agility {unknown}
 s - a potion of curing {unknown}
Comestibles
 d - 5 bread rations
 f - a meat ration


   Skills:
 + Level 3.3 Fighting
 + Level 3.5 Dodging
 - Level 2.5 Shields
 * Level 4.8 Unarmed Combat


You had 5 spell levels left.
You didn't know any spells.

Dungeon Overview and Level Annotations

Branches:
Dungeon (4/15)
 Temple: D:4-7

Altars:
Uskayaw


Innate Abilities, Weirdness & Mutations

You are too large for most types of armour.
You have claws for hands.
Your metabolism is lightning-fast.
You like to eat raw meat.
Your natural rate of healing is unusually fast.
You are covered in fur. (AC +1)
You have very tough skin. (AC +2)


Message History

You barely miss the worm.
The worm is heavily wounded.
The worm bites you!
You claw the worm!
The worm is almost dead.
You feel sick. The worm bites you!
* * * LOW HITPOINT WARNING * * *
You are too injured to fight recklessly!
The worm closely misses you.
Items here: )) [ †† a short sword x2; a ring mail; an orc corpse x2
You hear some strange, mumbled words.
A puff of flame appears from out of thin air!
The puff of flame hits you! The fire burns you terribly!
* * * LOW HITPOINT WARNING * * *
Found a stone staircase leading up.
It was a potion of ambrosia.
You are confused.
You feel invigorated.
You feel sick. The worm bites you!
You die...

#.. .. #.##.# #
#.##.# .#
##.##.###.#
#.........#
######...#...#.##
................+
#.@)......#
#.{w##<.##.#
#.....####
#....♣...
...........
.<...###...<
...## ##... ###
####


You could see a worm.

Vanquished Creatures
  Jessica (D:2)
  An orc wizard (D:3)
  4 gnolls (D:2)
  11 adders
  2 oozes (D:2)
  2 worms
  2 dart slugs
  A leopard gecko (D:2)
  10 orcs
  A ball python (D:2)
  3 giant cockroaches (D:3)
  3 goblins
  3 hobgoblins (D:3)
  7 jackals
  3 quokkas
  3 bats (D:2)
  6 frilled lizards (D:3)
  11 kobolds
  9 rats
83 creatures vanquished.

Notes
Turn   | Place    | Note
-------+----------+-------------------------------------------
     0 | D:1      | theAP the Troll Fighter began the quest for the Orb.
     0 | D:1      | Reached XP level 1. HP: 22/22 MP: 0/0
   488 | D:1      | Reached XP level 2. HP: 29/29 MP: 1/1
   931 | D:2      | Reached XP level 3. HP: 32/36 MP: 2/2
   933 | D:2      | Reached skill level 3 in Unarmed Combat
   991 | D:2      | Noticed Jessica
   991 | D:2      | Reached XP level 4. HP: 44/44 MP: 3/3
   994 | D:2      | Killed Jessica
  1438 | D:2      | Reached XP level 5. HP: 51/52 MP: 4/4
  1494 | D:3      | Reached skill level 4 in Unarmed Combat
  1952 | D:3      | Noticed a dagger
  1952 | D:3      | Noticed a dagger
  1977 | D:3      | Found a hide-covered altar of Uskayaw.
  2038 | D:3      | Reached XP level 6. HP: 60/61 MP: 5/5
  2230 | D:4      | HP: 3/61 [something/puff of flame (12)]
  2231 | D:4      | Slain by a worm

Skill      XL: |  1  2  3  4  5 |
---------------+----------------+-----
Unarmed Combat | 3 4 |  4.8
Dodging        | 3 |  3.5
Fighting       | 3 |  3.3
Shields        | |  2.5

Action                   |  1- 3 |  4- 6 || total
-------------------------+-------+-------++-------
Melee: Unarmed           |    58 |   156 ||   214
  Use: Scroll            |       |     7 ||     7
       Potion            |       |     1 ||     1
 Stab: Sleeping          |       |     1 ||     1
  Eat: Chunk             |    11 |    15 ||    26
Armor: Robe              |    19 |    38 ||    57
Dodge: Dodged            |    12 |    43 ||    55
Block: Shield            |    23 |    54 ||    77
